 Dungeon Crawl Stone Soup version 0.30.0-5-g1a98f26d00 (webtiles) character file.

Game seed: 10473037908632021583

81 hawla the Firebug (level 5, -2/37 (38) HPs)
             Began as a Meteoran Fire Elementalist on May 11, 2023.
             Slain by a wight
             ... wielding a +5 long sword
              (9 damage)
             ... on level 3 of the Dungeon.
             The game lasted 00:02:40 (332 turns).

hawla the Firebug (Meteoran Fire Elementalist)       Turns: 332, Time: 00:02:41

HP:   -2/37 (38)    AC:  2    Str:  9    XL:     5   Next: 0%
MP:   8/10          EV: 13    Int: 18    God:
Gold: 26            SH:  0    Dex: 15    Spells: 7/10 levels left

rFire   . . .        d - staff of poison
rCold   . . .        (no shield)
rNeg    . . .        a - +0 robe
rPois   +            (no helmet)
rElec   .            (no cloak)
rCorr   .            (no gloves)
SInv    .            (no boots)
Will    .....        e - amulet of magic regeneration
Stlth   +            (no ring)
HPRegen 0.26/turn    (no ring)
MPRegen 0.52/turn

%: no passive effects
@: attractive, glowing, lightly drained
A: sense surroundings 1, otherworldly, glowing, explore regen
a: no special abilities


You were on level 3 of the Dungeon.
You visited 1 branch of the dungeon, and saw 3 of its levels.

You collected 26 gold pieces.

Inventory:

Armour
 a - a +0 robe (worn)
Magical Staves
 d - a staff of poison (weapon)
Jewellery
 e - an amulet of magic regeneration (around neck)


   Skills:
 - Level 0.2 Fighting
 - Level 2.7 Dodging
 - Level 1.4 Stealth
 - Level 3.0 Spellcasting
 - Level 1.2 Conjurations
 - Level 4.4 Fire Magic
 + Level 2.2 Poison Magic
 + Level 2.2 Evocations


You had 7 spell levels left.
You knew the following spells:

 Your Spells              Type           Power      Damage    Failure   Level
a - Foxfire               Conj/Fire      52%        2x1d6     4%          1
b - Scorch                Fire           36%        2d6       4%          2

Your spell library contained the following spells:

 Spells                   Type           Power      Damage    Failure   Level
 Inner Flame              Hex/Fire       10%        N/A       19%         3
 Volatile Blastmotes      Fire/Tloc      20%        2d11      19%         3
 Flame Wave               Conj/Fire      13%        2d6       45%         4


Dungeon Overview and Level Annotations

Branches:
Dungeon (3/15) Zot: 1467

Altars:


Innate Abilities, Weirdness & Mutations

You passively map a small area around you.
You are easily found by Zot.
You glow in the dark.
You regain HP and MP as you explore.


Message History

The wight is heavily damaged.
The foxfire hits the wight but does no damage.
The wight is heavily damaged.
Casting: Foxfire (safe; 4% risk of failure)
Confirm with . or Enter, or press ? or * to list all spells.
You conjure some foxfire!
The foxfire hits the wight but does no damage.
The wight is heavily damaged.
You barely miss the wight.
The wight is heavily damaged.
The foxfire hits the wight.
The wight is severely damaged.
The foxfire hits the wight but does no damage.
The wight is severely damaged.
The wight misses you.
Casting: Foxfire (safe; 4% risk of failure)
Confirm with . or Enter, or press ? or * to list all spells.
You conjure some foxfire!
The wight hits you with a +5 long sword!
You hit the wight but do no damage.
The wight is severely damaged.
The foxfire hits the wight but does no damage.
The wight is severely damaged.
The foxfire hits the wight but does no damage.
The wight is severely damaged.
The wight hits you with a +5 long sword!
* * * LOW HITPOINT WARNING * * *
You feel drained.
* * * LOW HITPOINT WARNING * * *
It was a potion of attraction.
You feel attractive to monsters. The wight closely misses you.
Magic courses through your body. The wight closely misses you.
Casting: Foxfire (safe; 4% risk of failure)
Confirm with . or Enter, or press ? or * to list all spells.
Flames lash the wight.
The wight is almost destroyed.
The wight's fire resistance burns away.
The wight hits you with a +5 long sword!
You die...

*,# #.# ###.
#.# #... #.#
####.## #.#
###.l...l
#.#
##...#####
#.# #..###,
,
#.#######.##
#@z)†)....#
** *
#..#####.##
* #..# #.#
,*,, , #..#
#.# ,** #..#
#.# , , *
#..# #.# ,
...# #.# , ,
, * ##.#
...*, #####
** , .....


You could see a wight (combustible).

Vanquished Creatures
  A wight (D:3)
  An adder (D:1)
  A dart slug (D:3)
  3 endoplasms
  A giant cockroach (D:2)
  A goblin (D:2)
  A hobgoblin (D:2)
  3 kobolds
  2 quokkas
  2 ball pythons (D:2)
  2 frilled lizards
18 creatures vanquished.

Vanquished Creatures (others)
  55 foxfires
55 creatures vanquished.

Grand Total: 73 creatures vanquished

Notes
Turn   | Place    | Note
-------+----------+-------------------------------------------
     0 | D:1      | hawla the Meteoran Fire Elementalist began the quest for
                  | the Orb.
     0 | D:1      | Reached XP level 1. HP: 14/14 MP: 5/5
    37 | D:1      | Reached XP level 2. HP: 20/20 MP: 0/6
    40 | D:1      | Learned a level 2 spell: Scorch
    52 | D:1      | Reached skill level 4 in Fire Magic
    77 | D:1      | Reached XP level 3. HP: 6/26 MP: 1/8
   279 | D:3      | Noticed a wight
   285 | D:3      | Noticed a wight
   322 | D:3      | Killed a wight
   323 | D:3      | Reached XP level 4. HP: 22/33 MP: 2/9
   323 | D:3      | Reached XP level 5. HP: 26/38 MP: 2/10
   332 | D:3      | Slain by a wight

Illustrated notes

Levels and vault maps discovered:
D:1:      mrwooster_arrival_arrow, layout_basic, minmay_hexomino_p4
D:2:      layout_basic, serial_shops, shop_fountains
D:3:      minmay_bubble_buster, layout_loops_ring, basic_ecumenical_altar,
          hangedman_decor_clover_reticule, minmay_randomly_rotated_circles

Skill      XL: |  1  2  3 |
---------------+----------+-----
Fire Magic     | 4 |  4.4
Spellcasting   | 3 |  3.0
Poison Magic   | 2 |  2.2
Evocations     | 2 |  2.2
Fighting       | |  0.2
Dodging        | |  2.7
Stealth        | |  1.4
Conjurations   | |  1.2

Action                     |  1- 3 |  4- 6 || total
---------------------------+-------+-------++-------
  Melee: Unarmed           |     6 |       ||     6
         Staff             |       |     2 ||     2
   Cast: Foxfire           |    29 |     5 ||    34
         Scorch            |    10 |     1 ||    11
    Use: Scroll            |     1 |       ||     1
         Potion            |       |     2 ||     2
 Armour: Robe              |     6 |       ||     6
  Dodge: Dodged            |    21 |     3 ||    24
